 Dungeon Crawl Stone Soup version 0.24.0-123-gd5b16e6ec5 (webtiles) character file.

Game seed: 3953976574089300997, levelgen mode: deterministic

58 McKennaii the Conjurer (level 3, -4/26 HPs)
             Began as a Draconian Conjurer on Feb 1, 2020.
             Slain by Sigmund
             ... wielding a +0 scythe
              (14 damage)
             ... on level 2 of the Dungeon.
             The game lasted 00:02:01 (1445 turns).

McKennaii the Conjurer (Draconian Conjurer)         Turns: 1445, Time: 00:02:01

Health: -4/26      AC:  5    Str: 15    XL:     3   Next: 75%
Magic:  5/6        EV: 12    Int: 18    God:
Gold:   76         SH:  0    Dex: 11    Spells: 5/6 levels left

rFire    . . .     SeeInvis .   (no weapon)
rCold    . . .     Gourm    .   (no shield)
rNeg     . . .     Faith    .   (armour unavailable)
rPois    .         Spirit   .   (helmet restricted)
rElec    .         Reflect  .   (no cloak)
rCorr    .         Harm     .   (no gloves)
MR       .....                  (no boots)
Stlth    +.........             (no amulet)
HPRegen  0.08/turn              h - +2 ring of intelligence
MPRegen  0.10/turn              (no ring)

@: confused, mighty, flying
A: unfitting armour, cold-blooded, AC +5
a: no special abilities


You were on level 2 of the Dungeon.
You were not hungry.

You visited 1 branch of the dungeon, and saw 2 of its levels.

You collected 76 gold pieces.

Inventory:

Jewellery
 h - a +2 ring of intelligence (left hand)
Scrolls
 c - a scroll of identify {unknown}
 e - 3 scrolls of teleportation {unknown}
 f - a scroll of remove curse {unknown}
 g - a scroll of amnesia {unknown}
 k - a scroll of enchant weapon {unknown}
 m - a scroll of immolation {unknown}
Potions
 l - a potion of haste {unknown}
Comestibles
 b - 3 rations


   Skills:
 + Level 2.3 Dodging
 + Level 1.9 Stealth
 * Level 2.2 Spellcasting
 + Level 4.9 Conjurations


You had 5 spell levels left.
You knew the following spells:

 Your Spells              Type           Power        Failure   Level  Hunger
a - Magic Dart            Conj           ###.         2%          1    #......

Your spell library contained the following spells:

 Spells                   Type           Power        Failure   Level  Hunger
 Searing Ray              Conj           ###...       3%          2    ##.....
 Dazzling Spray           Conj/Hex       ##....       19%         3    ###....
 Iskenderun's Mystic Bla  Conj           ###.....     22%         4    #####..
 Force Lance              Conj/Tloc      ##......     54%         4    #####..
 Fulminant Prism          Conj/Hex       ##........   54%         4    #####..


Dungeon Overview and Level Annotations

Branches:
Dungeon (2/15)

Altars:

Annotations:
D:2 Sigmund


Innate Abilities, Weirdness & Mutations

Your plain brown scales are hard. (AC +5)
You cannot fit into any form of body armour.
You are cold-blooded and may be slowed by cold attacks.


Message History

You kill the kobold!
Something hits you but does no damage.
You see here a frilled lizard corpse.
You closely miss something. Something hits you!
You closely miss something. You closely miss something.
Your tail-slap misses something.
You hear some strange, mumbled words.
You are confused.
You miss something.
You hear some strange, mumbled words.
You are more confused.
You bump into the rock wall.
You hear some strange, mumbled words.
You are more confused.
All of the chunks of flesh in your inventory have rotted away.
Something hits you.
You see here a stone.
Something hits you!
Ouch! That really hurt!
You die...

## #### #. .)#
#. #.#
#.#.#####.####
#....(@(.....# .
#######
###.#####.##.# #
#.....# #.
#.##.# ###.###.#
#. .!##.# ##..#
#.########
#####.#
##..###.##.....#
###.#
.#......##.....#
#...#
...............#
#.###
.....#####.....#
#.#


There were no monsters in sight!

Vanquished Creatures
  3 adders
  An ooze (D:2)
  2 giant cockroaches
  5 goblins
  2 hobgoblins
  2 kobolds (D:2)
  5 bats
  5 frilled lizards
  3 rats
28 creatures vanquished.

Notes
Turn   | Place    | Note
-------+----------+-------------------------------------------
     0 | D:1      | McKennaii the Draconian Conjurer began the quest for the
                  | Orb.
     0 | D:1      | Reached XP level 1. HP: 14/14 MP: 3/3
   736 | D:1      | Reached XP level 2. HP: 18/20 MP: 3/5
   932 | D:1      | Reached XP level 3. HP: 23/26 MP: 1/6
  1419 | D:2      | Noticed Sigmund
  1445 | D:2      | Slain by Sigmund

Levels and vault maps discovered:
D:1:      sevenhm_arrival_forest_fort_small_4, layout_loops_corners,
          wad_floor_pattern_untrapped
D:2:      layout_loops_cross, marbit_many_paths, uniq_sigmund

Skill      XL: |  1  2 |
---------------+-------+-----
Dodging        | 2 |  2.3
Stealth        | |  1.9
Spellcasting   | |  2.2
Conjurations   | |  4.9

Action                   || total
-------------------------++-------
Melee: Unarmed           ||    78
       Tailslap          ||     4
 Cast: Magic Dart        ||    43
  Use: Potion            ||     4
 Stab: Sleeping          ||     1
  Eat: Chunk             ||     2
Armor: Skin              ||    33
Dodge: Dodged            ||    79
